 Dungeon Crawl Stone Soup version 0.29-a0-1043-g569b05d6ff (webtiles) character file.

Game seed: 17496896391489366257

1491 ytrimaz the Transmogrifier (level 8, 0/54 HPs)
             Began as a Demonspawn Transmuter on Aug 15, 2022.
             Was an Initiate of Gozag.
             Succumbed to a water moccasin's poison
             ... on level 7 of the Dungeon.
             The game lasted 00:09:02 (6671 turns).

ytrimaz the Transmogrifier (Demonspawn Transmuter)  Turns: 6671, Time: 00:09:03

Health: 0/54       AC: 19    Str: 11    XL:     8   Next: 51%
Magic:  10/13      EV:  5    Int: 16    God:    Gozag
Gold:   392        SH:  0    Dex: 14    Spells: 4/14 levels left

rFire   . . .      SeeInvis +     - Unarmed
rCold   . . .      Faith    .   (no shield)
rNeg    . . .      Spirit   .   d - quicksilver dragon scales
rPois   .          Reflect  .   (no helmet)
rElec   .          Harm     .   u - +0 cloak
rCorr   .          Rampage  .   n - +2 pair of gloves
Will    +....                   (no boots)
Stlth   +.........              (no amulet)
HPRegen 0.18/turn               l - +4 ring of slaying
MPRegen 0.13/turn               p - ring of see invisible

@: mighty, brilliant, lethally poisoned (0 -> -53), held, invisible
A: claws 2, molten scales 1, icemail 1, powered by death 1, condensation shield
a: Renounce Religion, Potion Petition, Call Merchant, Bribe Branch


You were on level 7 of the Dungeon.
You worshipped Gozag.
Gozag was aware of your devotion.
You visited 1 branch of the dungeon, and saw 7 of its levels.

You collected 798 gold pieces.
You paid 406 gold pieces to Gozag.

Inventory:

Missiles
 w - 5 throwing nets
Armour
 d - quicksilver dragon scales (worn)
 n - a +2 pair of gloves (worn)
 u - a +0 cloak (worn)
Jewellery
 l - a +4 ring of slaying (left hand)
 p - a ring of see invisible (right hand)
 x - a +4 ring of protection
Wands
 j - a wand of flame (16)
 t - a wand of acid (9)
Scrolls
 a - 2 scrolls of enchant weapon
 g - 2 scrolls of teleportation
 r - 2 scrolls of enchant armour
 v - a scroll of torment
 z - a scroll of magic mapping
Potions
 b - 3 potions of curing
 c - 2 potions of flight
 e - a potion of brilliance
 f - 3 potions of magic
 h - a potion of resistance
 i - 5 potions of attraction
 m - 2 potions of might
 o - 2 potions of mutation
 q - 2 potions of haste
 s - 3 potions of heal wounds
 A - 2 potions of degeneration {unknown}


   Skills:
 - Level 1.0 Fighting
 + Level 0.1 Short Blades
 + Level 0.1 Long Blades
 + Level 0.3 Axes
 + Level 0.1(0.2) Maces & Flails
 + Level 0.1(0.2) Polearms
 + Level 0.1 Staves
 + Level 0.1 Ranged Weapons
 + Level 0.1 Throwing
 - Level 1.7 Dodging
 - Level 0.7 Shields
 - Level 3.2 Unarmed Combat
 - Level 3.5 Spellcasting
 + Level 0.1 Conjurations
 + Level 0.1 Hexes
 + Level 0.1 Summonings
 + Level 0.1 Necromancy
 + Level 0.1 Translocations
 - Level 8.0 Transmutations
 + Level 0.7 Fire Magic
 + Level 0.1 Ice Magic
 + Level 0.1 Air Magic
 + Level 0.1 Earth Magic
 - Level 4.0 Poison Magic
 + Level 0.2 Invocations
 + Level 0.3 Evocations


You had 4 spell levels left.
You knew the following spells:

 Your Spells              Type           Power      Damage    Failure   Level
a - Beastly Appendage     Tmut           84%        N/A       1%          1
b - Wereblood             Tmut           42%        N/A       2%          2
c - Spider Form           Tmut/Pois      33%        N/A       11%         3
d - Ice Form              Ice/Tmut       23%        N/A       63%         4

Your spell library contained the following spells:

 Spells                   Type           Power      Damage    Failure   Level
 Sting                    Tmut/Pois      100%       1d8       3%          1
 Passwall                 Tmut/Erth      19%        N/A       12%         2
 Poisonous Vapours        Pois/Air       28%        N/A       28%         2
 Freeze                   Ice            16%        1d4       38%         1
 Sandblast                Erth           8%         2d5       38%         1
 Olgreb's Toxic Radiance  Pois           23%        N/A       63%         4
 Frozen Ramparts          Ice            8%         1d2       77%         3
 Gell's Gravitas          Tloc           4%         N/A       77%         3
 Stone Arrow              Conj/Erth      8%         3d7       77%         3
 Teleport Other           Tloc           4%         N/A       77%         3
 Hailstorm                Conj/Ice       4%         3d4       99%         4
 Summon Ice Beast         Ice/Summ       4%         N/A       99%         4
 Dispersal                Tloc           2%         N/A       100%        6


Dungeon Overview and Level Annotations

Branches:
Dungeon (7/15)             Temple (0/1) D:5

Altars:
Fedhas
Gozag
Kikubaaqudgha
Nemelex Xobeh
Qazlal
Uskayaw

Shops:
D:4 [


Innate Abilities, Weirdness & Mutations

You have very sharp fingernails.
You are partially covered in molten scales. (AC +2)
A meltable icy envelope protects you from harm. (AC +4)
You regenerate a little health from kills.
A meltable shield of frost defends you. (SH +4)


Message History

You turn into a venomous arachnid creature.
Your +0 cloak melds into your body.
Your +2 pair of gloves melds into your body.
Your quicksilver dragon scales melds into your body.
The water moccasin barely misses you.
Unknown command.
You struggle against the net.
The water moccasin bites you!
You are poisoned.
The water moccasin poisons you! The water moccasin bites you.
Unknown command.
You struggle against the net.
You feel extremely sick.
A gnoll comes into view. It is wielding a +0 halberd.
The water moccasin barely misses you.
Unknown command.
You tear a large gash into the net.
You feel very sick. The water moccasin misses you.
Unknown command.
Unknown command. [a] - 368 gold - invisibility, might and brilliance [b] - 345 gold - resistance and heal wounds [c] - 338 gold - heal wounds, curing and berserk rage Purchase which effect?
You no longer have enough gold to petition Gozag for potion effects.
You fade into invisibility!
You feel very mighty all of a sudden.
You feel clever all of a sudden.
You feel very sick. The water moccasin bites you.
A gnoll comes into view. It is wielding a +0 club.
The water moccasin bites you.
* * * LOW HITPOINT WARNING * * *
You are more poisoned.
The water moccasin poisons you!
Your transformation has ended.
Your +0 cloak unmelds from your body.
Your +2 pair of gloves unmelds from your body.
Your quicksilver dragon scales unmelds from your body.
You die...
Your body crumbles into a pile of gold.

#####. .# .#.#.#.
#.....# .# #.........
......< .. ......... .
.....#. #.#...#.# ......
#.#...#.### #####...#
#.#........ .......S#
#.##....###
####...@######..........
#...............#..#.##.
..##..##.######.#.....#.
..gg.........#.#.#.#.#.
..§........##.#.#.#.#...
.g§≈≈≈≈≈≈.......#.#.###.
..≈§≈≈≈≈≈...#####.#.....
.g≈≈......... #.#####.
.§≈.......### #.# #..


You could see a water moccasin (unable to see you), a gnoll sergeant (unable to
see you) and 3 gnolls.

Vanquished Creatures
  An ogre (D:5)
  2 centaurs
  A phantom (D:3)
  A bullfrog (D:7)
  A scorpion (D:7)
  A howler monkey (D:6)
  7 jellies
  An orc priest (D:4)
  2 hounds
  A gnoll bouda (D:5)
  Jessica (D:2)
  Ijyb (D:3)
  Terence (D:2)
  3 iguanas (D:5)
  Natasha (thrice) (D:4)
  4 orc wizards
  8 adders
  13 gnolls
  A white imp (D:7)
  2 ufetubi
  2 worms
  5 dart slugs
  24 orcs
  3 ball pythons
  4 bats (D:1)
  7 endoplasms
  6 giant cockroaches
  4 goblins
  5 hobgoblins
  6 jackals (D:2)
  4 quokkas
  4 frilled lizards
  11 kobolds
  6 rats
146 creatures vanquished.

Vanquished Creatures (others)
  5 fungi (D:6)
5 creatures vanquished.

Grand Total: 151 creatures vanquished

Notes
Turn   | Place    | Note
-------+----------+-------------------------------------------
     0 | D:1      | ytrimaz the Demonspawn Transmuter began the quest for the
                  | Orb.
     0 | D:1      | Reached XP level 1. HP: 15/15 MP: 3/3
   353 | D:1      | Gained mutation: You regenerate a little health from kills.
                  | [demonic ancestry]
   353 | D:1      | Reached XP level 2. HP: 7/21 MP: 5/5
   355 | D:1      | Reached skill level 2 in Transmutations
   631 | D:1      | Learned a level 2 spell: Wereblood
  1288 | D:1      | Reached XP level 3. HP: 26/26 MP: 6/6
  1292 | D:1      | Learned a level 3 spell: Spider Form
  1840 | D:2      | Noticed Jessica
  1854 | D:2      | Killed Jessica
  1886 | D:1      | Gained mutation: A meltable shield of frost defends you.
                  | (SH +4) [demonic ancestry]
  1886 | D:1      | Reached XP level 4. HP: 14/32 MP: 8/8
  2113 | D:2      | Reached skill level 1 in Poison Magic
  2208 | D:2      | Noticed Terence
  2238 | D:2      | Gained mutation: A meltable icy envelope protects you from
                  | harm. (AC +4) [demonic ancestry]
  2238 | D:2      | Reached XP level 5. HP: 18/37 MP: 6/10
  2251 | D:2      | Killed Terence
  2550 | D:2      | Reached skill level 3 in Transmutations
  3006 | D:3      | Noticed Ijyb
  3033 | D:3      | Killed Ijyb
  3361 | D:3      | Found an opulent altar of Gozag.
  3482 | D:3      | Became a worshipper of Gozag Ym Sagoz the Greedy
  3743 | D:3      | Noticed a phantom
  3751 | D:3      | Killed a phantom
  3752 | D:3      | Gained mutation: You have sharp fingernails. [demonic
                  | ancestry]
  3752 | D:3      | Reached XP level 6. HP: 43/43 MP: 7/11
  3991 | D:4      | You fall into a shaft and drop 1 floor!
  3991 | D:5      | Entered Level 5 of the Dungeon
  4002 | D:4      | Reached skill level 4 in Transmutations
  4169 | D:4      | Found a sparkling altar of Nemelex Xobeh.
  4254 | D:4      | Noticed Natasha
  4273 | D:4      | Killed Natasha
  4339 | D:4      | Gained mutation: You are partially covered in molten
                  | scales. (AC +2) [demonic ancestry]
  4339 | D:4      | Reached XP level 7. HP: 40/48 MP: 12/12
  4531 | D:4      | Found Niceb's Antique Armour Shop.
  4562 | D:4      | Noticed Natasha
  4579 | D:4      | Killed Natasha
  4580 | D:4      | Reached skill level 5 in Transmutations
  4594 | D:4      | Noticed Natasha
  4606 | D:4      | Killed Natasha
  4842 | D:5      | Learned a level 4 spell: Ice Form
  5011 | D:5      | Reached skill level 6 in Transmutations
  5013 | D:5      | Found a staircase to the Ecumenical Temple.
  5222 | D:5      | Found a stormy altar of Qazlal.
  5227 | D:5      | Found a blossoming altar of Fedhas.
  5650 | D:6      | Gained mutation: You have very sharp fingernails. [demonic
                  | ancestry]
  5650 | D:6      | Reached XP level 8. HP: 54/54 MP: 8/13
  5812 | D:6      | Reached skill level 7 in Transmutations
  6166 | D:6      | Found a hide-covered altar of Uskayaw.
  6465 | D:7      | Reached skill level 8 in Transmutations
  6656 | D:7      | Found an ancient bone altar of Kikubaaqudgha.
  6671 | D:7      | Succumbed to a water moccasin's poison

Illustrated notes

Levels and vault maps discovered:
D:1:      dpeg_arrival_yet_another_circle, layout_basic,
          hangedman_abyss_or_decor_stabs, minmay_misc_feat_tiny
D:2:      layout_rooms, uniq_terence, uniq_jessica
D:3:      layout_basic, nicolae_gozag_seed_capital, uniq_ijyb
D:4:      layout_cave_pools, mainiacjoe_overflow_paths, serial_shops,
          nicolae_shop_behind_doors, kennysheep_decorative_pillar,
          supply_closet_lemuel, uniq_natasha
D:5:      layout_rooms, grunt_temple_overflow_forces_of_nature,
          minmay_temple_entry_stoned_glass
D:6:      layout_cave_pools, nicolae_uskayaw_suspiria, glass_columns_a,
          dreamdust_gnoll_farm
D:7:      layout_basic, mainiacjoe_overflow_chevrons

Skill      XL: |  1  2  3  4  5  6  7  8 |
---------------+-------------------------+-----
Unarmed Combat | 3 |  3.2
Transmutations | 2 3 4 6 8 |  8.0
Spellcasting   | 3 |  3.5
Poison Magic   | 1 2 3 4 |  4.0
Fighting       | |  1.0
Short Blades   | |  0.1
Long Blades    | |  0.1
Axes           | |  0.3
Maces & Flails | |  0.1
Polearms       | |  0.1
Staves         | |  0.1
Ranged Weapons | |  0.1
Throwing       | |  0.1
Dodging        | |  1.7
Shields        | |  0.7
Conjurations   | |  0.1
Hexes          | |  0.1
Summonings     | |  0.1
Necromancy     | |  0.1
Translocations | |  0.1
Fire Magic     | |  0.7
Ice Magic      | |  0.1
Air Magic      | |  0.1
Earth Magic    | |  0.1
Invocations    | |  0.2
Evocations     | |  0.3

Action                   |  1- 3 |  4- 6 |  7- 9 || total
-------------------------+-------+-------+-------++-------
Melee: Unarmed           |   147 |   236 |   230 ||   613
       Kick              |     6 |    17 |    10 ||    33
       Headbutt          |     3 |    14 |     4 ||    21
       Punch             |     2 |     6 |     6 ||    14
 Cast: Beastly Appendage |    12 |    12 |     6 ||    30
       Wereblood         |       |     2 |     9 ||    11
       Spider Form       |       |     1 |    11 ||    12
Invok: Potion Petition   |       |       |     1 ||     1
 Abil: End Transformatio |       |       |     1 ||     1
  Use: Potion            |     1 |     2 |       ||     3
       Scroll            |     4 |     9 |    10 ||    23
 Stab: Sleeping          |     2 |       |     1 ||     3
       Distracted        |       |       |     2 ||     2
Armor: Robe              |    28 |       |       ||    28
       Skin              |     7 |     3 |    13 ||    23
       Quicksilver drago |    33 |   145 |   118 ||   296
Dodge: Dodged            |    91 |   150 |   136 ||   377
Block: Other             |       |    61 |    40 ||   101

Table legend: (Time is in decaauts)
 A = Elapsed time spent in this place.
 B = Non-inter-level travel time spent in this place.
 C = Inter-level travel time spent in this place.
 D = Time resting spent in this place.
 E = Time spent auto-exploring this place.
 F = Levels seen in this place.
 G = Mean time per level.
                   A        B        C        D        E       F      G
               +--------+--------+--------+--------+--------+-----+--------+
         Total |   6630 |   6483 |    147 |    216 |   4867 |   7 |  947.1 |
       Dungeon |   6630 |   6483 |    147 |    216 |   4867 |   7 |  947.1 |
               +--------+--------+--------+--------+--------+-----+--------+

Top non-repeatable levels by time:
     D:1: 2048 daAuts
     D:4: 973 daAuts
     D:2: 910 daAuts
     D:3: 818 daAuts
     D:6: 769 daAuts
     D:5: 653 daAuts
     D:7: 457 daAuts
